 Dungeon Crawl Stone Soup version 0.31-a0-75-g6fe912e8c5 (webtiles) character file.

Game seed: 7075296062325672332

319 greasedhog the Slasher (level 6, 0/44 HPs)
             Began as an Octopode Fighter on May 24, 2023.
             Slain by a goblin
             ... wielding a +0 dagger
             ... led by Robin
              (5 damage)
             ... on level 4 of the Dungeon.
             The game lasted 00:04:42 (2784 turns).

greasedhog the Slasher (Octopode Fighter)           Turns: 2784, Time: 00:04:43

Health: 0/44       AC:  1    Str: 15    XL:     6   Next: 46%
Magic:  6/6        EV: 13    Int: 10    God:
Gold:   214        SH:  5    Dex: 14    Spells: 5/5 levels left

rFire   . . .        a - +0 long sword
rCold   . . .        b - +0 buckler
rNeg    . . .        (helmet restricted)
rPois   .            (no amulet)
rElec   .            (no ring)
rCorr   .            (no ring)
SInv    .            (no ring)
Will    .....        (no ring)
Stlth   ++           (no ring)
HPRegen 0.27/turn    (no ring)
MPRegen 0.10/turn    (no ring)
                     (no ring)

%: no passive effects
@: no status effects
A: almost no armour, amphibious, 8 rings, camouflage 1, gelatinous body 1,
(nimble swimmer 1), tentacles
a: no special abilities


You were on level 4 of the Dungeon.
You visited 1 branch of the dungeon, and saw 4 of its levels.

You collected 214 gold pieces.

Inventory:

Hand Weapons
 a - a +0 long sword (weapon)
Missiles
 o - 4 poisoned darts (quivered)
Armour
 b - a +0 buckler (worn)
Scrolls
 d - a scroll of enchant armour
 e - 2 scrolls of poison
 i - 2 scrolls of enchant weapon
 j - a scroll of magic mapping
 q - a scroll of fear {unknown}
Potions
 c - a potion of might
 f - a potion of mutation {unknown}
 g - a potion of curing
 l - 2 potions of haste
 m - a potion of ambrosia
 n - a potion of heal wounds {unknown}
 p - a potion of cancellation {unknown}


   Skills:
 + Level 4.7 Fighting
 * Level 5.5 Long Blades
 - Level 3.0 Dodging
 - Level 3.0 Shields


You had 5 spell levels left.
You didn't know any spells.
Your spell library contained the following spells:

 Spells                   Type           Power      Damage    Failure   Level
 Kiss of Death            Conj/Necr      0%         2d5       45%         1
 Sublimation of Blood     Necr           0%         N/A       58%         2
 Confusing Touch          Hex            0%         N/A       83%         3
 Dispel Undead            Necr           0%         3d6       99%         4
 Petrify                  Tmut/Erth      0%         N/A       99%         4
 Irradiate                Conj/Tmut      0%         3d11      100%        5


Dungeon Overview and Level Annotations

Branches:
Dungeon (4/15)
 Temple: D:4-7

Altars:
Elyvilon
Uskayaw
Xom

Annotations:
D:4 Edmund, Robin


Innate Abilities, Weirdness & Mutations

You cannot wear most types of armour.
You are amphibious.
You can wear up to eight rings at the same time.
Your skin changes colour to match your surroundings (Stealth+).
Your rubbery body absorbs attacks. (AC +1, EV +1)
((You are camouflaged when in or above water. (Stealth+)))
You have tentacles for arms and can constrict up to eight enemies at once.


Message History

You close the door.
An endoplasm comes into view.
Edmund opens the door.
As you read the scroll labelled XYBRE NURU, it crumbles to dust.
The scroll dissolves into smoke.
It was a scroll of fog.
The endoplasm quivers.
Robin of the Strong Arm comes into view.
They are wielding a +0 trident and wearing the +1 helmet "Gymis" {rN+ Will+ Dex-4}.
Robin shouts!
You hear a shout! x2
You block the endoplasm's attack.
Edmund zaps a wand.
The puff of flame hits you!
* * * LOW HITPOINT WARNING * * *
A goblin comes into view. It is wielding a +0 dagger.
The endoplasm hits you.
* * * LOW HITPOINT WARNING * * *
A hobgoblin comes into view.
Robin roars a battlecry!
The goblins go into a battle-frenzy!
The hobgoblin shouts!
A goblin comes into view. It is wielding a +0 dagger.
The goblin shouts!
Edmund zaps a wand.
You block the puff of flame.
There is an open door here.
The endoplasm attacks as you move away!
The endoplasm hits you but does no damage.
There is an open door here.
The endoplasm attacks as you move away! You block the endoplasm's attack.
Robin roars a battlecry!
The goblin goes into a battle-frenzy!
Edmund zaps a wand.
The puff of flame misses you.
There is an open door here.
The endoplasm attacks as you move away! The endoplasm hits you.
* * * LOW HITPOINT WARNING * * *
The endoplasm attacks as you move away!
The endoplasm hits you but does no damage.
Edmund no longer looks unusually strong.
Robin roars a battlecry!
The goblin goes into a battle-frenzy!
Robin throws the goblin at you! The goblin hits you with a +0 dagger.
You die...

#............
###+##########............
................####......
................# ......
................# ......
................# ......
................####......
#########.............#
..#....g@.......#
..#.............#
..'.....J.......#
...#.............#
##'#.............#
.......#@#####......
.......#g....+......
.......'.†...#......
.......#g....# ...


You could see Edmund, Robin, an endoplasm and a goblin (strong).

Vanquished Creatures
  A phantom (D:4)
  A scorpion (D:4)
  A hound (D:4)
  6 adders
  2 ufetubi
  9 dart slugs (D:3)
  9 orcs
  5 endoplasms
  A giant cockroach (D:2)
  A goblin (D:1)
  3 hobgoblins
  6 kobolds
  4 quokkas
  8 ball pythons
  8 bats
  8 rats
73 creatures vanquished.

Notes
Turn   | Place    | Note
-------+----------+-------------------------------------------
     0 | D:1      | greasedhog the Octopode Fighter began the quest for the
                  | Orb.
     0 | D:1      | Reached XP level 1. HP: 16/16 MP: 1/1
   169 | D:1      | Reached XP level 2. HP: 19/21 MP: 2/2
   657 | D:1      | Found a faded altar of an unknown god.
   809 | D:2      | Reached skill level 3 in Long Blades
   833 | D:2      | Reached XP level 3. HP: 26/26 MP: 3/3
  1107 | D:2      | Reached XP level 4. HP: 13/33 MP: 4/4
  1739 | D:3      | Reached skill level 4 in Long Blades
  1905 | D:3      | Found a shimmering altar of Xom.
  1969 | D:3      | Found a hide-covered altar of Uskayaw.
  2090 | D:3      | Reached XP level 5. HP: 35/37 MP: 5/5
  2310 | D:3      | Found a white marble altar of Elyvilon.
  2533 | D:4      | Reached skill level 5 in Long Blades
  2533 | D:4      | Reached XP level 6. HP: 35/44 MP: 6/6
  2740 | D:4      | Noticed Edmund
  2761 | D:4      | Identified the +1 helmet "Gymis" {rN+ Will+ Dex-4}
  2761 | D:4      | Noticed Robin
  2764 | D:4      | HP: 2/44 [endoplasm (2)]
  2784 | D:4      | Slain by a goblin

Illustrated notes

Levels and vault maps discovered:
D:1:      dpeg_arrival_radiant, layout_basic,
          shapermc_ecumenical_altar_mp_urbaneastern
D:2:      layout_rooms, serial_corexii_hall, corexii_hall_statues_i,
          chequers_hall_statues_wall_a, minmay_shallow_snake_nest
D:3:      kennysheep_slugbush, layout_rooms, nicolae_overflow_hidden_temple,
          nicolae_uskayaw_dance_hall, nicolae_overflow_crystal_walls,
          serial_curves, eino_curves_04, eino_curves_04, eino_curves_03,
          eino_curves_02
D:4:      layout_gridville, uniq_edmund, uniq_robin, uniq_menkaure

Skill      XL: |  1  2  3  4  5 |
---------------+----------------+-----
Long Blades    | 3 4 5 |  5.5
Fighting       | 4 |  4.7
Dodging        | |  3.0
Shields        | |  3.0

Action                     |  1- 3 |  4- 6 || total
---------------------------+-------+-------++-------
  Melee: Long sword        |    67 |    74 ||   141
         Tentacles         |     6 |    13 ||    19
         Constrict         |    15 |    24 ||    39
    Use: Potion            |       |     1 ||     1
         Scroll            |       |     8 ||     8
   Stab: Sleeping          |     6 |     6 ||    12
 Armour: Skin              |     4 |     5 ||     9
  Dodge: Dodged            |    52 |    43 ||    95
  Block: Buckler           |    13 |    17 ||    30

Table legend: (Time is in decaauts)
 A = Elapsed time spent in this place.
 B = Non-inter-level travel time spent in this place.
 C = Inter-level travel time spent in this place.
 D = Time resting spent in this place.
 E = Time spent auto-exploring this place.
 F = Levels seen in this place.
 G = Mean time per level.
                   A        B        C        D        E       F      G
               +--------+--------+--------+--------+--------+-----+--------+
         Total |   2821 |   2669 |    152 |    266 |   1845 |   4 |  705.2 |
       Dungeon |   2821 |   2669 |    152 |    266 |   1845 |   4 |  705.2 |
               +--------+--------+--------+--------+--------+-----+--------+

Top non-repeatable levels by time:
     D:3: 1036 daAuts
     D:1: 814 daAuts
     D:2: 661 daAuts
     D:4: 310 daAuts
